cohdb
Replays
Latest Replays
All Replays
Popular Replays
Top Player Replays
Match Explorer
How It Works
Community
CoH3 Stats
Reddit
Sign in to upload your games and track your stats! →
Sign in with Steam
Match 43759752
Unlisted
Match 43759752
Overview
Messages
Build Orders
End
Panzergrenadier Squad
250 Light Carrier
Panzerpioneer Squad
Panzerpioneer Squad
Construct Light Support Kompanie
Panzerjäger Squad
Fire Support Elements
Selects Battlefield Espionage Battlegroup
Selects Intel Disruption Beacon
Assault Mechanized Group
Flakvierling Half-track
Combat Half-tracks
Vehicle Survival Package
Construct Panzerarmee Kommand
Pak 38 Mechanized Group
Selects Plunder
Selects Disruption Operation
Selects 250/3 Funkpanzerwagen
Flak 36 Anti-tank Gun Team
TTVFlekz127
Jarkke
PapaZor
Faffinir
0
0
Comments
sign in to comment!
No comments posted yet!